 Dungeon Crawl Stone Soup version 0.29-a0-653-gd47aff6735 (webtiles) character file.

Game seed: 7821767537288274259

92213 buhh the Sharpshooter (level 16, -11/122 HPs)
             Began as a Formicid Hunter on June 22, 2022.
             Was an Elder of Hepliaklqana.
             Succumbed to their own poison gas
             ... in an ice cave.
             The game lasted 01:16:44 (22647 turns).

buhh the Sharpshooter (Formicid Hunter)            Turns: 22647, Time: 01:16:44

Health: -11/122    AC:  8    Str: 18    XL:     16   Next: 52%
Magic:  23/23      EV: 24    Int:  9    God:    Hepliaklqana [****..]
Gold:   1345       SH: 23    Dex: 35    Spells: 15/15 levels left

rFire   + + .      SeeInvis +   m - +3 hand crossbow (elec)
rCold   + + .      Faith    .   b - +2 kite shield {reflect}
rNeg    . . .      Spirit   .   P - +1 robe {rC+ rF+}
rPois   .          Reflect  +   (helmet unavailable)
rElec   .          Harm     .   v - scarf {rC+ rF+}
rCorr   .          Rampage  .   H - +2 pair of gloves of the Armoured One {Will++ Stlth+}
Will    +++..                   X - +0 pair of boots
Stlth   +++++.....              d - amulet "Xoh Uxkiami" {Reflect SH+5 Stlth+}
HPRegen 0.30/turn               y - +6 ring of dexterity
MPRegen 0.18/turn               R - +6 ring of dexterity

@: lethally poisoned (-11 -> -86), studying Unarmed Combat
A: reduced essence, permanent stasis, dig shafts and tunnels, antennae 3, four
strong arms
a: Dig, Renounce Religion, Recall Ancestor, Ancestor Identity, Transference,
Idealise


You were in an ice cave.
You worshipped Hepliaklqana.
Hepliaklqana was greatly pleased with you.
You visited 3 branches of the dungeon, and saw 21 of its levels.
You also visited: Bailey, Gauntlet and Ice Cave.

You collected 1345 gold pieces.

Inventory:

Hand Weapons
 m - a +3 hand crossbow of electrocution (weapon)
Missiles
 x - 8 curare-tipped darts
 L - 6 atropa-tipped darts
Armour
 b - a +2 kite shield of reflection (worn)
 s - a +2 robe of willpower
 v - a scarf of resistance (worn)
 z - the +0 leather armour "Ladwieme" {rN++ Slay+2}
   (You found it in a Gauntlet)

   Slay:      It affects your accuracy & damage with ranged weapons and melee
   (+2).
   rN:        It greatly protects you from negative energy.
 H - the +2 pair of gloves of the Armoured One (worn) {Will++ Stlth+}
   (You found it in a Gauntlet)

   Will:      It greatly increases your willpower.
   Stlth:     It makes you more stealthy.
 I - the +1 pair of gloves "Etapydiu" {rElec rN+ Int+8 Stlth-}
   (You found it in an ice cave)

   Int:       It affects your intelligence (+8).
   rElec:     It insulates you from electricity.
   rN:        It protects you from negative energy.
   Stlth:     It makes you less stealthy.
 P - a +1 robe of resistance (worn)
 X - a +0 pair of boots (worn)
Jewellery
 c - a ring of resist corrosion
 d - the amulet "Xoh Uxkiami" (around neck) {Reflect SH+5 Stlth+}
   (You acquired it on level 3 of the Dungeon)

   [amulet of reflection]

   It reflects blocked missile attacks.
   SH:        It affects your SH (+5).
   Stlth:     It makes you more stealthy.
 e - a ring of protection from cold
 h - a ring of protection from fire
 p - a ring of wizardry
 y - a +6 ring of dexterity (left hand)
 O - a ring of protection from cold
 R - a +6 ring of dexterity (right hand)
Wands
 f - a wand of flame (31)
 j - a wand of polymorph (11)
 n - a wand of quicksilver (13)
 q - a wand of charming (6)
 r - a wand of iceblast (16)
 u - a wand of mindburst (12)
Scrolls
 g - 3 scrolls of identify {!d}
 i - a scroll of brand weapon
 o - 3 scrolls of vulnerability
 t - a scroll of summoning
 C - a scroll of acquirement
 D - a scroll of silence {!r}
 F - 3 scrolls of enchant weapon
 Q - 5 scrolls of fog
 T - 6 scrolls of immolation {!d}
 Y - a scroll of amnesia {unknown}
 Z - 8 scrolls of enchant armour
Potions
 k - 3 potions of flight
 w - 3 potions of attraction
 A - 2 potions of degeneration {unknown}
 B - 4 potions of ambrosia {!q!d}
 E - 3 potions of lignification {unknown}
 G - a potion of haste {unknown}
 J - a potion of magic {!q!d}
 K - 4 potions of brilliance {!q!d}
 N - 13 potions of curing {!q!d}
 S - a potion of experience {unknown}
 U - 2 potions of mutation {!d}
 V - a potion of cancellation {!q!d}
Miscellaneous
 l - a tin of tremorstones (2/2)
 W - a phantom mirror (inert)


   Skills:
 - Level 15.0 Fighting
 * Level 17.9 Crossbows
 - Level 10.0 Armour
 - Level 10.0 Dodging
 - Level 1.7 Stealth
 - Level 10.0 Shields
 - Level 10.0 Invocations


You had 15 spell levels left.
You didn't know any spells.
Your spell library contained the following spells:

 Spells                   Type           Power      Damage    Failure   Level
 Beastly Appendage        Tmut           0%         N/A       58%         1
 Sting                    Tmut/Pois      0%         1d3       58%         1
 Ensorcelled Hibernation  Hex/Ice        0%         N/A       75%         2
 Passwall                 Tmut/Erth      0%         N/A       75%         2
 Poisonous Vapours        Pois/Air       0%         N/A       75%         2
 Scorch                   Fire           0%         2d5       75%         2
 Wereblood                Tmut           0%         N/A       75%         2
 Spider Form              Tmut/Pois      0%         N/A       92%         3
 Summon Guardian Golem    Hex/Summ       0%         N/A       92%         3
 Flame Wave               Conj/Fire      0%         2d4       100%        4
 Olgreb's Toxic Radiance  Pois           0%         N/A       100%        4
 Passage of Golubria      Tloc           0%         N/A       100%        4
 Silence                  Hex/Air        0%         N/A       100%        5
 Summon Cactus Giant      Summ           0%         N/A       100%        6
 Orb of Destruction       Conj           0%         9d5       100%        7
 Spellforged Servitor     Conj/Summ      0%         N/A       100%        7
 Lehudib's Crystal Spear  Conj/Erth      0%         10d2      100%        8
 Swiftness                Air            Unusable   N/A       N/A         3

Dungeon Overview and Level Annotations

Branches:
Dungeon (14/15) Zot: 26917  Temple (1/1) D:4 Zot: 5781    Lair (6/6) D:11 Zot: 24020
  Swamp (0/4) Lair:3       Spider (0/4) Lair:4        Slime (0/5) Lair:5
    Orc (0/2) D:12         Bailey (visited)           IceCv (1/1) Zot: 4934
Gauntlet (visited)
 Vaults: D:13-14

Altars:
Ashenzari
Cheibriados
Dithmenos
Elyvilon
Fedhas
Gozag
Hepliaklqana
Kikubaaqudgha
Makhleb
Nemelex Xobeh
Okawaru
Qazlal
Ru
Sif Muna
Trog
Uskayaw
Vehumet
Wu Jian
Xom
Yredelemnul
Zin
The Shining One
Beogh
Jiyva

Shops:
D:7 =   D:8 (   D:12 [

Annotations:
D:13 3 runed translucent doors, buhh's ghost, amateur FoHu
Lair:4 exclusion: wolf spider


Innate Abilities, Weirdness & Mutations

Your life essence is reduced to manifest your ancestor. (-10% HP)
You cannot be hasted, slowed, berserked, paralysed or teleported.
You can dig through walls and to a lower floor.
You have a pair of large antennae on your head. (SInv)
Your four strong arms can wield two-handed weapons with a shield.


Message History

Really quaff
M - 2 potions of heal wounds {!q!d}?
You feel much better.
You are engulfed in poison gas.
You are more poisoned.
You feel extremely sick.
The shard shrike looks as sick as possible!
The shard shrike spits a shard of ice at you.
The shard of ice hits you!!! You partially resist.
* * * LOW HITPOINT WARNING * * *
The shard shrike is engulfed in poison gas.
The shard shrike looks as sick as possible!
The white ugly thing looks as sick as possible!
The white ugly thing stings you but does no damage.
Really quaff
M - a potion of heal wounds {!q!d}?
Okay, then.
Really quaff
M - a potion of heal wounds {!q!d}?
You feel much better.
You are engulfed in poison gas.
You are more poisoned.
* * * LOW HITPOINT WARNING * * *
x2 You feel extremely sick.
The shard shrike is engulfed in poison gas.
The shard shrike looks as sick as possible!
The shard shrike is engulfed in poison gas.
The shard shrike looks as sick as possible!
The shard shrike spits a shard of ice at you.
Your +2 kite shield of reflection reflects the shard of ice!
The shard of ice hits the shard shrike!!
The shard shrike partially resists.
You kill the shard shrike!
The polar bear is poisoned.
The white ugly thing is engulfed in poison gas.
The white ugly thing looks as sick as possible!
You block the white ugly thing's attack.
Okay, then.
Okay, then.
The white ugly thing attacks as you move away!
You block the white ugly thing's attack.
You are engulfed in poison gas.
You are more poisoned.
* * * LOW HITPOINT WARNING * * *
You die...

##☼†≈≈≈≈≈≈#
##≈☼≈≈≈≈≈≈#
#.#≈○≈≈≈≈≈#
##.#≈≈☼≈≈≈##
#.##≈≈≈§≈≈###
#.##≈≈#≈§##u##
#..#≈##≈#.uhh#
#..###§☼§°##{{#
#...###§#@# ..#
#...# ###○# ...
##..###.§## p..
##..###°# ..
##.##§## .
#..##°#
##.##.##
##..##.##
#..####.##


You could see 2 ugly things.

Vanquished Creatures
  A shard shrike (IceCv)
  A minotaur (Gauntlet)
  A white draconian (IceCv)
  6 hydras
  A boulder beetle (D:13)
  A catoblepas (D:12)
  An ironbound frostheart (IceCv)
  A centaur warrior (D:13)
  4 two-headed ogres
  2 death yaks
  Erica (D:11)
  A fire crab (Gauntlet)
  A bog body (Lair:3)
  An orc knight (Bailey)
  A deep elf pyromancer (Bailey)
  7 ugly things
  An oklob plant (Lair:4)
  3 manticores (D:13)
  An elephant (Gauntlet)
  2 gargoyles (D:13)
  3 black mambas
  A torpor snail (Lair:6)
  17 cane toads
  8 komodo dragons
  10 rime drakes (IceCv)
  3 efreet
  3 tyrant leeches (Lair:6)
  A troll (D:12)
  8 polar bears
  A slime creature (D:14)
  A hornet (D:9)
  18 blink frogs
  13 dream sheep
  Sigmund (D:4)
  4 shadows
  2 vampires
  28 yaks
  2 wraiths
  3 wyverns
  A hog (Lair:4)
  Eustachio (D:5)
  2 basilisks
  Grum (D:8)
  A fire bat (Gauntlet)
  9 vampire mosquitoes
  Menkaure (D:6)
  3 acid dragons
  Edmund (D:4)
  6 water moccasins
  2 hell hounds (Gauntlet)
  2 ice beasts (D:7)
  2 black bears
  6 orc warriors
  5 centaurs
  19 wolves
  A phantom (D:7)
  17 bullfrogs
  A gnoll sergeant (D:8)
  2 necrophages
  6 wights
  7 killer bees
  6 electric eels
  2 hounds
  A jelly (D:3)
  2 gnoll shamans
  5 orc priests
  Jessica (D:3)
  3 hell rats (Lair:6)
  An iguana (D:5)
  3 orc wizards
  12 gnolls
  5 adders
  3 white imps
  2 worms
  4 dart slugs
  41 orcs
  A bat (D:2)
  9 endoplasms
  2 giant cockroaches
  8 goblins
  9 hobgoblins
  2 jackals (D:1)
  4 ball pythons
  2 frilled lizards
  8 kobolds
  3 rats
400 creatures vanquished.

Vanquished Creatures (collateral kills)
  Gastronok (Lair:2)
  Kirke (Lair:4)
  8 hydras
  2 catoblepae
  2 two-headed ogres
  3 death yaks
  A sixfirhy (Gauntlet)
  A bog body (Lair:3)
  An orc knight (D:12)
  An orange crystal statue (IceCv)
  4 ugly things
  2 manticores
  5 elephants (Gauntlet)
  2 black mambas
  A gargoyle (D:12)
  A torpor snail (Gauntlet)
  Maggie (Lair:2)
  A kobold demonologist (D:9)
  8 cane toads
  8 rime drakes
  5 komodo dragons
  11 polar bears (IceCv)
  13 blink frogs
  2 slime creatures (D:14)
  23 yaks
  2 fire bats (Gauntlet)
  4 basilisks
  3 hogs
  3 vampire mosquitoes
  5 water moccasins
  An acid dragon (D:11)
  Duvessa (D:6)
  A hell hound (Gauntlet)
  2 orc warriors (Bailey)
  8 wolves
  A kobold brigand (D:9)
  8 bullfrogs
  2 wights
  Dowan (D:6)
  2 killer bees (D:7)
  A howler monkey (D:6)
  2 orc priests
  An iguana (D:5)
  An orc wizard (D:6)
  A hell rat (Lair:6)
  5 gnolls
  3 ufetubi
  13 orcs
  2 goblins (D:10)
  6 butterflies
187 creatures vanquished.

Vanquished Creatures (others)
  7 knights
  4 ancestors
  15 bushes (Lair:6)
  33 fungi
  105 plants
164 creatures vanquished.

Grand Total: 751 creatures vanquished

Notes
Turn   | Place    | Note
-------+----------+-------------------------------------------
     0 | D:1      | buhh the Formicid Hunter began the quest for the Orb.
     0 | D:1      | Reached XP level 1. HP: 16/16 MP: 1/1
    83 | D:1      | Reached XP level 2. HP: 20/23 MP: 2/2
   710 | D:2      | Reached XP level 3. HP: 28/28 MP: 3/3
   996 | D:2      | Reached skill level 5 in Crossbows
  1001 | D:2      | Reached XP level 4. HP: 34/34 MP: 4/4
  1629 | D:3      | Reached XP level 5. HP: 34/39 MP: 5/5
  1891 | D:3      | Noticed Jessica
  1893 | D:3      | Killed Jessica
  1894 | D:3      | Reached skill level 6 in Crossbows
  2031 | D:3      | Identified a scroll of acquirement
  2031 | D:3      | Acquired the amulet "Xoh Uxkiami" {Reflect SH+5 Stlth+}
  2279 | D:4      | Reached XP level 6. HP: 39/46 MP: 6/6
  2342 | D:4      | Found a staircase to the Ecumenical Temple.
  2373 | Temple   | Entered the Ecumenical Temple
  2571 | Temple   | Became a worshipper of Hepliaklqana the Forgotten
  2664 | D:4      | Noticed Edmund
  2715 | D:4      | Noticed Sigmund
  2956 | D:4      | You fall into a shaft and drop 3 floors!
  2956 | D:7      | Found Tianohi's Jewellery Shoppe.
  2971 | D:7      | Reached skill level 7 in Crossbows
  3025 | D:6      | Noticed an ice beast
  3335 | D:6      | Noticed Menkaure
  3342 | D:7      | Reached * piety under Hepliaklqana
  3350 | D:7      | Reached XP level 7. HP: 34/45 MP: 7/7
  3443 | D:7      | Reached skill level 8 in Crossbows
  4027 | D:7      | Noticed a vampire mosquito
  4038 | D:7      | Killed a vampire mosquito
  4289 | D:7      | Reached skill level 9 in Crossbows
  4289 | D:7      | Reached XP level 8. HP: 51/51 MP: 8/8
  4732 | D:5      | Entered Level 5 of the Dungeon
  4930 | D:4      | Killed Sigmund
  4931 | D:4      | Reached skill level 10 in Crossbows
  5085 | D:4      | Killed Edmund
  5452 | D:5      | Noticed Eustachio
  5465 | D:5      | Killed Eustachio
  5490 | D:5      | Reached XP level 9. HP: 48/62 MP: 9/9
  6004 | D:6      | Reached ** piety under Hepliaklqana
  6015 | D:6      | Remembered your ancestor Teft as a knight
  6089 | D:6      | Killed Menkaure
  6393 | D:6      | Noticed Duvessa
  6393 | D:6      | Noticed Dowan
  6550 | D:6      | Killed Duvessa
  6553 | D:6      | Killed Dowan
  7136 | D:8      | Reached XP level 10. HP: 76/76 MP: 10/12
  7293 | D:8      | Noticed Grum
  7301 | D:8      | Killed Grum
  7607 | D:8      | Noticed a two-headed ogre
  7613 | D:8      | Killed a two-headed ogre
  7746 | D:8      | Reached *** piety under Hepliaklqana
  7808 | D:8      | Found Gefajol's Weapon Shop.
  8156 | D:9      | Noticed a kobold demonologist
  8177 | D:9      | Killed a kobold demonologist
  8738 | D:9      | Reached XP level 11. HP: 80/81 MP: 18/18
  8890 | D:9      | Noticed a two-headed ogre
  8897 | D:9      | Killed a two-headed ogre
  8992 | D:10     | Entered Level 10 of the Dungeon
  9051 | D:10     | Found a shadowy altar of Dithmenos.
  9060 | D:10     | Found a flagged portal.
  9095 | Bailey   | Entered a bailey
  9274 | Bailey   | Noticed an orc knight
  9285 | Bailey   | Killed an orc knight
  9333 | Bailey   | Found a large runed translucent door.
  9333 | Bailey   | Found a large runed translucent door.
  9334 | Bailey   | Noticed a deep elf pyromancer
  9353 | Bailey   | Killed a deep elf pyromancer
  9567 | D:10     | Noticed a two-headed ogre
  9572 | D:10     | Killed a two-headed ogre
  9838 | D:10     | Reached **** piety under Hepliaklqana
  9977 | D:11     | Noticed Erica
 10016 | D:11     | Found a staircase to the Lair.
 10085 | D:11     | Noticed a brown ugly thing
 10092 | D:11     | Killed a brown ugly thing
 10105 | D:11     | Noticed a two-headed ogre
 10112 | D:11     | Killed a two-headed ogre
 10127 | D:11     | Reached XP level 12. HP: 87/87 MP: 19/19
 10358 | D:12     | Noticed a two-headed ogre
 10358 | D:12     | Noticed a two-headed ogre
 10367 | D:11     | Killed a two-headed ogre
 10671 | Lair:1   | Entered Level 1 of the Lair of Beasts
 11688 | Lair:2   | Reached XP level 13. HP: 75/92 MP: 20/20
 11697 | Lair:2   | Noticed Maggie
 11702 | Lair:2   | Killed Maggie
 12043 | Lair:2   | Noticed Gastronok
 12091 | Lair:2   | Reached skill level 11 in Crossbows
 12238 | Lair:2   | Killed Gastronok
 12340 | Lair:2   | Reached skill level 12 in Crossbows
 12572 | Lair:3   | Found a staircase to the Swamp.
 12581 | Lair:3   | Noticed a catoblepas
 12594 | Lair:3   | Killed a catoblepas
 12623 | Lair:3   | Noticed a four-headed hydra
 12629 | Lair:3   | Killed a four-headed hydra
 12695 | Lair:3   | Reached skill level 13 in Crossbows
 13784 | Lair:3   | Reached ***** piety under Hepliaklqana
 13986 | Lair:4   | Noticed Kirke
 14016 | Lair:4   | Noticed a six-headed hydra
 14244 | Lair:4   | Reached skill level 14 in Crossbows
 14624 | Lair:4   | Killed Kirke
 14635 | Lair:4   | Killed a six-headed hydra
 14636 | Lair:4   | Reached XP level 14. HP: 75/99 MP: 21/21
 14937 | Lair:4   | You fall into a shaft and drop 2 floors!
 14937 | Lair:6   | Entered Level 6 of the Lair of Beasts
 15027 | Lair:6   | Reached skill level 15 in Crossbows
 15205 | Lair:6   | Found a gate leading to a gauntlet.
 15219 | Gauntlet | Entered a Gauntlet
 15219 | Gauntlet | Found a transporter.
 15239 | Gauntlet | Found a transporter.
 15252 | Gauntlet | Found a transporter.
 15257 | Gauntlet | Found a transporter.
 15276 | Gauntlet | Found a transporter.
 15291 | Gauntlet | Found a transporter.
 15300 | Gauntlet | Found a transporter.
 15309 | Gauntlet | Found a transporter.
 15311 | Gauntlet | Found a transporter.
 15328 | Gauntlet | Found a transporter.
 15347 | Gauntlet | Found a transporter.
 15353 | Gauntlet | Found a transporter.
 15353 | Gauntlet | Found a transporter.
 15368 | Gauntlet | Found a transporter.
 15385 | Gauntlet | Found a transporter.
 15404 | Gauntlet | Found a transporter.
 15431 | Gauntlet | Found a transporter.
 15434 | Gauntlet | Found a transporter.
 15722 | Gauntlet | Reached skill level 16 in Crossbows
 16384 | Gauntlet | Identified the +2 pair of gloves of the Armoured One
                  | {Will++ Stlth+}
 16493 | Gauntlet | Noticed a minotaur
 16503 | Gauntlet | Killed a minotaur
 16534 | Gauntlet | Identified the +0 leather armour "Ladwieme" {rN++ Slay+2}
 16936 | Lair:6   | Reached skill level 17 in Crossbows
 17067 | Lair:5   | Reached XP level 15. HP: 77/103 MP: 22/22
 17607 | Lair:4   | Found a hole to the Spider Nest.
 18218 | Lair:5   | Identified the +7 whip of the Tomato {antimagic, rPois
                  | Str+2}
 18304 | Lair:5   | Found a viscous altar of Jiyva.
 18304 | Lair:5   | Found a staircase to the Slime Pits.
 19369 | Lair:6   | Reached skill level 11 in Fighting
 19546 | Lair:6   | Identified the +2 hand crossbow of Income {vorpal, rPois
                  | MP+9 SInv}
 20000 | D:11     | Killed Erica
 20236 | D:12     | Found Ruqurus's Armour Boutique.
 20322 | D:12     | Found a staircase to the Orcish Mines.
 20906 | D:13     | Found a bloodstained altar of Trog.
 21506 | D:13     | Found a runed translucent gate.
 21507 | D:13     | Found a runed translucent gate.
 21508 | D:13     | Found a runed translucent gate.
 21510 | D:13     | Noticed buhh's ghost (amateur FoHu)
 21515 | D:13     | Found an iron altar of Okawaru.
 21546 | D:14     | Reached XP level 16. HP: 78/118 MP: 23/23
 21576 | D:14     | Found a frozen archway.
 21602 | IceCv    | Entered an ice cave
 22338 | IceCv    | Reached skill level 15 in Fighting
 22576 | IceCv    | Identified the +1 pair of gloves "Etapydiu" {rElec rN+
                  | Int+8 Stlth-}
 22636 | IceCv    | Noticed a shard shrike
 22646 | IceCv    | Killed a shard shrike
 22647 | IceCv    | HP: 5/122 [cloud of poison gas (6)]
 22647 | IceCv    | Succumbed to their own poison gas

Illustrated notes

Levels and vault maps discovered:
D:1:      nzn_arrival_settlement, layout_basic, minmay_misc_feat_cross
D:2:      layout_rooms, serial_curves, eino_curves_03, eino_curves_04,
          eino_curves_03, moated_statue, kennysheep_pointless_box
D:3:      layout_basic, uniq_jessica
D:4:      layout_gridville, minmay_temple_entry_ruins,
          minmay_misc_feat_ornament, sigmund_edmund_badplayer
D:5:      layout_loops_ring, uniq_eustachio
D:6:      layout_gridville, hangedman_decor_lopped, st_stairs_1, uniq_duvessa,
          uniq_menkaure
D:7:      layout_basic, serial_shops, shop
D:8:      layout_basic, serial_shops, shop_fountains, uniq_grum
D:9:      layout_rooms
D:10:     layout_rooms, mainiacjoe_overflow_tiny_flanked, enter_bailey_5
D:11:     layout_rooms, lair_entry_dummy, uniq_erica
D:12:     layout_rooms, david_orc_5, serial_shops, shop
D:13:     layout_loops_cross, gammafunk_ghost_fury_of_okawaru,
          trog_hazing_becter
D:14:     layout_rooms, david_vaults_5, portal_ice_cave_entry_pillars_2,
          minmay_misc_feat_rugged
Temple:   mainiacjoe_temple_archimedes_tessellation
Lair:1:   layout_regular_city, beast_lair_carwin_9, grunt_megastairs_5
Lair:2:   layout_misc_corridors, grunt_megastairs_3, uniq_gastronok, uniq_maggie
Lair:3:   layout_cave_pods, skrybe_swamp_entry_bodies, serial_bayou_shore_a,
          serial_bayou_shore_b, grunt_megastairs_4
Lair:4:   layout_roguey, spider_nest_entry_rubble, serial_bayou_ford_a,
          st_stairs_9, nicolae_lair_lil_pond, chequers_serial_rivers_small_3,
          minmay_lair_oklob_items, lemuel_fruit_fields,
          infiniplex_staircase_pool_2, uniq_kirke
Lair:5:   layout_long_grid, dpeg_slime_entry_enclosed_altar,
          chequers_serial_rivers_large_a, grunt_megastairs_2,
          lemuel_fruit_fields
Lair:6:   minmay_lair_end_frog_pond, layout_regular_city,
          gauntlet_entry_generic, minmay_hedge_maze
IceCv:    ice_cave_caverns_02

Skill      XL: |  1  2  3  4  5  6  7  8  9 10 11 12 13 14 15 16 |
---------------+-------------------------------------------------+-----
Dodging        | 2 3 9 10 | 10.0
Crossbows      | 5 6 7 9 10 14 17 | 17.9
Fighting       | 5 10 13 15 | 15.0
Invocations    | 3 10 | 10.0
Armour         | 10 | 10.0
Shields        | 6 10 | 10.0
Stealth        | |  1.7

Action                   |  1- 3 |  4- 6 |  7- 9 | 10-12 | 13-15 | 16-18 || total
-------------------------+-------+-------+-------+-------+-------+-------++-------
Melee: Unarmed           |       |       |       |       |     9 |       ||     9
 Fire: Hand crossbow     |    72 |    97 |   182 |   432 |   830 |   142 ||  1755
Invok: Ancestor Life: Kn |       |       |     1 |       |       |       ||     1
       Ancestor Identity |       |       |     1 |       |       |       ||     1
       Recall Ancestor   |       |       |       |     4 |    14 |     1 ||    19
       Idealise          |       |       |       |       |    10 |     1 ||    11
       Transference      |       |       |       |       |     5 |       ||     5
 Abil: Dig               |     1 |       |       |       |     5 |       ||     6
Evoke: Wand              |       |       |     5 |       |       |       ||     5
       Phantom mirror    |       |       |       |       |       |     1 ||     1
  Use: Potion            |     1 |       |       |     1 |     3 |     5 ||    10
       Scroll            |       |     6 |     8 |     5 |    12 |     1 ||    32
Armor: Leather armour    |     8 |     7 |     3 |     1 |     7 |     1 ||    27
       Robe              |       |       |       |     5 |    24 |     1 ||    30
       Skin              |       |       |       |       |     1 |       ||     1
Dodge: Dodged            |    38 |    17 |    14 |    46 |   213 |    21 ||   349
Block: Other             |       |     4 |     9 |    15 |    39 |       ||    67
       Reflection        |       |       |       |     1 |    10 |     4 ||    15
       Kite shield       |       |       |       |       |    65 |    33 ||    98

Table legend: (Time is in decaauts)
 A = Elapsed time spent in this place.
 B = Non-inter-level travel time spent in this place.
 C = Inter-level travel time spent in this place.
 D = Time resting spent in this place.
 E = Time spent auto-exploring this place.
 F = Levels seen in this place.
 G = Mean time per level.
                   A        B        C        D        E       F      G
               +--------+--------+--------+--------+--------+-----+--------+
         Total |  22819 |  21652 |   1167 |   3480 |  13442 |  24 |  950.8 |
       Dungeon |  11773 |  11155 |    618 |   1477 |   7708 |  14 |  840.9 |
        Temple |    218 |    198 |     20 |      0 |    176 |   1 |  218.0 |
          Lair |   8005 |   7477 |    528 |   1195 |   4671 |   6 | 1334.2 |
        Bailey |    404 |    404 |      0 |    126 |    122 |   1 |  404.0 |
      Ice Cave |   1065 |   1065 |      0 |    396 |    311 |   1 | 1065.0 |
      Gauntlet |   1352 |   1352 |      0 |    286 |    453 |   1 | 1352.0 |
               +--------+--------+--------+--------+--------+-----+--------+

Top non-repeatable levels by time:
  Lair:3: 1838 daAuts
  Lair:6: 1515 daAuts
     D:7: 1466 daAuts
  Lair:4: 1459 daAuts
Gauntlet: 1352 daAuts
  Lair:1: 1239 daAuts
     D:6: 1236 daAuts
  Lair:5: 1217 daAuts
   IceCv: 1065 daAuts
     D:5: 1063 daAuts
     D:8: 1025 daAuts
     D:3: 987 daAuts
    D:11: 945 daAuts
     D:9: 919 daAuts
    D:13: 870 daAuts
